 Dungeon Crawl Stone Soup version 0.29-a0-648-g6b26cc9f40 (webtiles) character file.

Game seed: 11563997286169883534

50 KristoblXynda the Insei (level 3, -1/29 HPs)
             Began as a Demonspawn Monk on June 20, 2022.
             Succumbed to an adder's poison
             ... on level 2 of the Dungeon.
             The game lasted 00:01:10 (1951 turns).

KristoblXynda the Insei (Demonspawn Monk)           Turns: 1951, Time: 00:01:10

Health: -1/29      AC:  2    Str: 13    XL:     3   Next: 55%
Magic:  3/3        EV: 13    Int: 11    God:
Gold:   63         SH:  4    Dex: 15    Spells: 2/2 levels left

rFire   . . .      SeeInvis .     - Unarmed
rCold   . . .      Faith    .   (no shield)
rNeg    . . .      Spirit   .   a - +0 robe
rPois   .          Reflect  .   (no helmet)
rElec   .          Harm     .   c - scarf {repulsion}
rCorr   .          Rampage  .   (no gloves)
Will    .....                   (no boots)
Stlth   ++........              (no amulet)
HPRegen 0.09/turn               (no ring)
MPRegen 0.08/turn               (no ring)

@: lethally poisoned (-1 -> -8), repel missiles
A: condensation shield
a: no special abilities


You were on level 2 of the Dungeon.
You visited 1 branch of the dungeon, and saw 2 of its levels.

You collected 63 gold pieces.

Inventory:

Armour
 a - a +0 robe (worn)
 c - a scarf of repulsion (worn)
Scrolls
 e - 2 scrolls of identify {unknown}
 g - a scroll of torment {unknown}
 i - a scroll of brand weapon {unknown}
Potions
 b - a potion of ambrosia
 d - a potion of heal wounds {unknown}
 f - a potion of cancellation {unknown}
 h - 2 potions of curing {unknown}


   Skills:
 - Level 3.0 Fighting
 + Level 1.2 Armour
 + Level 3.1 Dodging
 - Level 1.7 Stealth
 * Level 3.5 Unarmed Combat


You had 2 spell levels left.
You didn't know any spells.
Your spell library was empty.

Dungeon Overview and Level Annotations

Branches:
Dungeon (2/15)

Altars:


Innate Abilities, Weirdness & Mutations

A meltable shield of frost defends you. (SH +4)


Message History

You are too injured to fight recklessly!
You are too injured to fight recklessly!
You are too injured to fight recklessly!
You are too injured to fight recklessly!
You are too injured to fight recklessly!
You are too injured to fight recklessly!
You are too injured to fight recklessly!
You are too injured to fight recklessly!
You are too injured to fight recklessly!
You are too injured to fight recklessly!
You are too injured to fight recklessly!
You are too injured to fight recklessly!
You are too injured to fight recklessly!
You feel sick.
You feel sick.
You feel sick.
You feel sick.
You feel sick.
You feel sick.
You feel sick.
You are no longer poisoned.
An endoplasm comes into view.
A rat comes into view.
An adder comes into view.
The rat bites you.
* * * LOW HITPOINT WARNING * * *
You closely miss the rat.
The adder hisses angrily.
Your punch misses the rat. The rat bites you but does no damage.
You hit the rat.
You kill the rat!
The adder bites you.
* * * LOW HITPOINT WARNING * * *
You barely miss the adder. The adder bites you.
* * * LOW HITPOINT WARNING * * *
You are lethally poisoned!
The adder poisons you!
You hit the adder.
The adder is heavily wounded.
You die...

.. #.........### .#
#........... .#
#.........#
.###.........#
...#.........#
#............#
..........###
##J##...#...###########
#..##..####.....@S....#
..).#..# ###########.#
.)..†..# #..##..#
#.###..# .......#
.......# ########


You could see an adder.

Vanquished Creatures
  An adder (D:2)
  4 dart slugs
  2 endoplasms (D:1)
  2 goblins (D:1)
  A hobgoblin (D:1)
  6 jackals (D:1)
  3 kobolds (D:1)
  A quokka (D:1)
  5 ball pythons
  A bat (D:1)
  3 frilled lizards (D:1)
  4 rats
33 creatures vanquished.

Notes
Turn   | Place    | Note
-------+----------+-------------------------------------------
     0 | D:1      | KristoblXynda the Demonspawn Monk began the quest for the
                  | Orb.
     0 | D:1      | Reached XP level 1. HP: 18/18 MP: 1/1
   545 | D:1      | Gained mutation: A meltable shield of frost defends you.
                  | (SH +4) [demonic ancestry]
   545 | D:1      | Reached XP level 2. HP: 12/24 MP: 2/2
   557 | D:1      | Found a faded altar of an unknown god.
  1257 | D:1      | Reached skill level 1 in Armour
  1357 | D:1      | Reached XP level 3. HP: 26/29 MP: 3/3
  1950 | D:2      | HP: 1/29 [adder (2)]
  1951 | D:2      | Succumbed to an adder's poison

Illustrated notes

Levels and vault maps discovered:
D:1:      dpeg_arrival_circle_labyrinth_c, layout_basic, basic_ecumenical_altar
D:2:      minmay_chambers_of_ones, layout_rooms, minmay_door_square,
          grunt_decor_mini_mirrors, chequers_serial_rivers_large_b,
          minmay_pentomino_p4

Skill      XL: |  1  2 |
---------------+-------+-----
Unarmed Combat | 3 |  3.5
Dodging        | 3 |  3.1
Armour         | 1 |  1.2
Fighting       | |  3.0
Stealth        | |  1.7

Action                   || total
-------------------------++-------
Melee: Unarmed           ||   131
       Punch             ||     2
 Stab: Sleeping          ||     2
       Distracted        ||     1
Armor: Robe              ||    21
Dodge: Dodged            ||    79
Block: Other             ||    26

Table legend: (Time is in decaauts)
 A = Elapsed time spent in this place.
 B = Non-inter-level travel time spent in this place.
 C = Inter-level travel time spent in this place.
 D = Time resting spent in this place.
 E = Time spent auto-exploring this place.
 F = Levels seen in this place.
 G = Mean time per level.
                   A        B        C        D        E       F      G
               +--------+--------+--------+--------+--------+-----+--------+
         Total |   1943 |   1862 |     81 |    652 |    936 |   2 |  971.5 |
       Dungeon |   1943 |   1862 |     81 |    652 |    936 |   2 |  971.5 |
               +--------+--------+--------+--------+--------+-----+--------+

Top non-repeatable levels by time:
     D:1: 1818 daAuts
     D:2: 124 daAuts
